Map: Automaton LE

Players

SpeCial - Winner!

  • Race: Terran Terran
  • Spawn Location: 9:00

Astrea

  • Race: Protoss Protoss
  • League: Grandmaster
  • Spawn Location: 3:00

Event: Cheeseadelphia 8

VOD

Have the link to the VOD?

Description

Time

  • Played on: Dec. 8, 2018, 3:13 p.m.
  • Length: 9:03

All games in this series

Show
View Real Time Build Order
Export as new Build Order

SpeCial Terran - Winner!

Build Orders: Cyclone Opening 

Get SALT Encoding   

  12  0:00  SCV  
  13  0:12  SCV  
  14  0:18  Supply Depot  
  14  0:25  SCV  
  15  0:39  SCV  
  15  0:42  Barracks  
  16  0:47  Refinery  
  16  0:51  SCV  
  17  0:58  Refinery  
  17  1:03  SCV  
  18  1:16  SCV  
  19  1:29  Reaper, Orbital Command  
  20  1:35  Supply Depot  
  20  1:44  Factory  
  20  1:56  SCV  
  21  2:08  SCV  
  22  2:20  Barracks Reactor, SCV  
  23  2:28  Command Center  
  23  2:33  SCV  
  23  2:35  Factory Tech Lab  
  24  2:40  Starport  
  24  2:45  SCV  
  24  2:48  Supply Depot  
  25  2:57  Cyclone  
  29  2:58  SCV  
  29  3:02  Marine  
  30  3:06  Marine  
  30  3:10  SCV  
  32  3:21  Marine  
  32  3:24  Marine, SCV  
  35  3:34  Cloaking Field, Banshee  
  35  3:37  Factory Tech Lab  
  38  3:42  Orbital Command  
  38  3:44  SCV  
  38  3:45  Marine  
  38  3:47  Orbital Command  
  40  3:49  Marine  
  41  3:56  SCV  
  41  3:57  Siege Tank  
  45  4:08  SCV  
  45  4:09  Supply Depot  
  46  4:13  SCV  
  46  4:14  Marine x2  
  49  4:22  Banshee  
  52  4:27  Supply Depot, SCV  
  52  4:28  SCV  
  54  4:32  Marine  
  54  4:37  Siege Tank  
  58  4:40  SCV  
  58  4:41  SCV  
  58  4:45  Marine  
  60  4:51  Supply Depot  
  60  4:52  SCV  
  62  4:53  SCV  
  62  5:04  SCV, Banshee  
  62  5:05  SCV  
  67  5:08  Marine x2  
  67  5:13  Supply Depot  
  69  5:16  SCV  
  69  5:17  SCV  
  69  5:20  Siege Tank  
  74  5:28  SCV  
  75  5:29  SCV  
  75  5:34  Barracks  
  75  5:35  Barracks  
  76  5:36  Supply Depot  
  76  5:40  SCV  
  76  5:41  Marine  
  76  5:42  Marine, SCV  
  80  5:45  Engineering Bay  
  80  5:47  Refinery, Supply Depot  
  83  5:52  SCV  
  83  5:54  SCV  
  82  6:00  Refinery  
  82  6:02  Starport Reactor  
  79  6:04  SCV  
  79  6:06  SCV  
  84  6:14  Terran Infantry Weapons Level 1  
  84  6:16  SCV  
  84  6:18  SCV  
  86  6:21  Marine x2  
  86  6:25  Barracks x2  
  85  6:28  SCV  
  85  6:30  SCV  
  87  6:36  Factory Reactor  
  87  6:39  Marine x2, Marauder x2  
  92  6:40  Stimpack, SCV  
  92  6:41  Combat Shield  
  92  6:42  SCV  
  90  6:53  SCV  
  80  6:56  Medivac x2  
  80  6:57  Marine x2  
  80  7:01  Marauder x2  
  87  7:15  Marine x2, Widow Mine x2  
  93  7:19  Command Center  
  93  7:22  Marauder x2  
  97  7:23  Barracks Tech Lab, Barracks Reactor  
  97  7:30  Supply Depot x2  
  97  7:33  Medivac, Marine x2  
  101  7:43  Medivac  
  101  7:44  Marauder x2  
  107  7:50  Marine, Marauder  
  110  7:51  Missile Turret, Marine  
  110  7:52  Widow Mine x2  
  110  7:54  Supply Depot  
  115  8:02  Marine x2  
  115  8:05  Marauder x2  
  121  8:09  Medivac  
  121  8:11  Marauder  
  125  8:16  Widow Mine  
  125  8:18  Marine x2  
  133  8:23  Supply Depot, Widow Mine  
  133  8:26  Medivac  
  133  8:31  Marauder x2  
  133  8:32  Supply Depot  
  133  8:33  Marauder  
  127  8:43  Marine  
Show
View Real Time Build Order
Export as new Build Order

Astrea Protoss 

Build Orders: 1 Gate Expand, Blink Stalkers 

Get SALT Encoding   

  12  0:00  Probe  
  13  0:12  Probe  
  14  0:18  Pylon  
  14  0:24  Probe  
  15  0:32  Probe  
  15  0:40  Probe  
  15  0:41  Gateway  
  17  0:51  Probe  
  17  0:54  Assimilator  
  18  1:03  Probe  
  19  1:15  Probe  
  20  1:27  Cybernetics Core  
  20  1:36  Nexus  
  20  1:40  Probe  
  20  1:45  Pylon  
  21  1:52  Probe  
  22  1:54  Stalker  
  22  1:59  Assimilator  
  22  2:06  Warp Gate  
  24  2:09  Probe  
  25  2:21  Probe  
  26  2:23  Stalker  
  28  2:33  Probe  
  29  2:41  Twilight Council  
  29  2:45  Probe  
  29  2:47  Stalker  
  29  2:48  Probe  
  29  2:50  Blink  
  31  2:55  Shield Battery  
  33  3:00  Probe  
  33  3:02  Probe  
  35  3:08  Pylon  
  35  3:12  Probe  
  36  3:21  Probe  
  37  3:27  Stalker  
  37  3:29  Probe  
  37  3:33  Probe  
  41  3:41  Gateway, Probe  
  41  3:45  Probe  
  43  3:52  Robotics Facility  
  43  3:54  Probe  
  44  4:00  Probe  
  45  4:07  Probe  
  45  4:08  Stalker  
  48  4:12  Probe  
  48  4:17  Pylon  
  49  4:19  Probe  
  50  4:25  Assimilator, Probe  
  50  4:31  Probe  
  52  4:32  Pylon  
  52  4:37  Stalker x2, Probe  
  57  4:39  Observer  
  58  4:53  Observer  
  58  4:58  Probe  
  57  5:05  Probe  
  58  5:11  Probe  
  59  5:17  Probe  
  59  5:18  Observer  
  61  5:23  Nexus  
  61  5:26  Pylon  
  61  5:35  Forge x2  
  61  5:38  Pylon  
  61  5:44  Immortal  
  61  5:46  Sentry x2  
  65  5:51  Gateway  
  65  5:54  Gateway x2  
  69  5:57  Gateway  
  67  6:09  Zealot  
  67  6:10  Zealot  
  71  6:17  Protoss Ground Weapons Level 1, Protoss Ground Armor Level 1  
  69  6:21  Probe x2  
  70  6:28  Charge  
  70  6:31  Zealot x2  
  65  6:48  Zealot x2  
  65  6:51  Stalker  
  65  6:52  Stalker x2  
  59  7:03  Probe x2  
  55  7:16  Stalker x4  
  55  7:19  Warp Prism  
  64  7:37  Zealot x2  
  68  8:00  Stalker x3  
  62  8:31  Zealot x6  
Tags
 
Add a new tag
Caveats
  • Supply blocks, unpowered buildings, or Contaminate may cause inaccurate times.
  • Supply counts are checked every 10 seconds.